 Dungeon Crawl Stone Soup version 0.27.1-34-g3ba077fa99 (webtiles) character file.

Game seed: 14332495072106142745

3 Arum the Skirmisher (level 1, -4/19 HPs)
             Began as a Draconian Monk on Jan 13, 2022.
             Frozen to death by an endoplasm (5 damage)
             ... on level 1 of the Dungeon.
             The game lasted 00:00:21 (111 turns).

Arum the Skirmisher (Draconian Monk)                 Turns: 111, Time: 00:00:22

Health: -4/19      AC:  4    Str: 13    XL:     1   Next: 41%
Magic:  1/1        EV: 12    Int: 10    God:
Gold:   8          SH:  0    Dex: 13    Spells: 0/0 levels left

rFire    . . .     SeeInvis .     - Unarmed
rCold    . . .     Faith    .   (no shield)
rNeg     . . .     Spirit   .   (armour unavailable)
rPois    .         Reflect  .   (helmet restricted)
rElec    .         Harm     .   (no cloak)
rCorr    .         Rampage  .   (no gloves)
Will     .....                  (no boots)
Stlth    ++........             (no amulet)
HPRegen  0.06/turn              (no ring)
MPRegen  0.07/turn              (no ring)

@: no status effects
A: AC +4, unfitting armour, cold-blooded
a: no special abilities


You were on level 1 of the Dungeon.
You visited 1 branch of the dungeon, and saw 1 of its levels.

You collected 8 gold pieces.

Inventory:

Scrolls
 b - a scroll of teleportation {unknown}
Potions
 a - a potion of lignification {unknown}


   Skills:
 + Level 3.3 Fighting
 + Level 2.7 Dodging
 - Level 1.7 Stealth
 + Level 3.0 Unarmed Combat


You couldn't memorise any spells.
You didn't know any spells.
Your spell library contained the following spells:

 Spells                   Type           Power      Damage    Failure   Level
 Gell's Gravitas          Tloc           0%         N/A       75%         3
 Lesser Beckoning         Tloc           0%         N/A       75%         3
 Teleport Other           Tloc           0%         N/A       75%         3


Dungeon Overview and Level Annotations

Branches:
Dungeon (1/15)

Altars:


Innate Abilities, Weirdness & Mutations

Your plain brown scales are hard. (AC +4)
You cannot fit into any form of body armour.
You are cold-blooded and may be slowed by cold attacks.


Message History

The bat hits you but does no damage.
You closely miss the kobold.
The kobold is severely wounded.
The bat hits you but does no damage. The bat misses you.
The kobold hits you with a +0 short sword.
* * * LOW HITPOINT WARNING * * *
You completely miss the kobold.
The kobold is severely wounded.
The bat hits you but does no damage. The kobold barely misses you.
You barely miss the kobold.
The kobold is severely wounded.
The bat barely misses you. The kobold barely misses you.
You barely miss the kobold.
The kobold is severely wounded.
The bat closely misses you. The kobold closely misses you.
You hit the kobold but do no damage.
The kobold is severely wounded.
The bat hits you but does no damage. x2; The kobold barely misses you.
You hit the kobold.
You kill the kobold!
The endoplasm jiggles.
The bat misses you.
You hit the endoplasm.
The endoplasm is moderately wounded.
The bat hits you but does no damage. The bat misses you.
The endoplasm hits you but does no damage.
The bat completely misses you.
Unknown command.
The bat completely misses you. The bat misses you.
The bat hits you but does no damage. The bat closely misses you.
The bat barely misses you. The bat barely misses you.
The bat barely misses you. The bat misses you. The bat hits you.
* * * LOW HITPOINT WARNING * * *
You barely miss the bat. The bat hits you but does no damage.
The endoplasm freezes you.
You are frozen.
You die...

#......##...# ###
#.#.......#...# ..#
#.............# #.#
#.....(.....# #.# ####.......##
#.# ####)#### #.# #...#
#.####### #...# #########
#.....@.# #...# #.......#
#....##J#####...#
#.......####.#.##b##......##
#..)....#.......#..............
#.........##.#.....#8#.........
#.......####.#.##..#.#.........
#.......# .......###.###..#####
#.......# ####.###.....####
#.############.#.........#


You could see an endoplasm and a bat.

Vanquished Creatures
  An endoplasm (D:1)
  A hobgoblin (D:1)
  A kobold (D:1)
3 creatures vanquished.

Notes
Turn   | Place    | Note
-------+----------+-------------------------------------------
     0 | D:1      | Arum the Draconian Monk began the quest for the Orb.
     0 | D:1      | Reached XP level 1. HP: 19/19 MP: 1/1
   111 | D:1      | Frozen to death by an endoplasm

Illustrated notes

Levels and vault maps discovered:
D:1:      psy_arrival_heroes, layout_loops_cross, minmay_tromino_v2

Action                   || total
-------------------------++-------
Melee: Unarmed           ||    18
       Tailslap          ||     1
       Punch             ||     1
 Stab: Sleeping          ||     1
Armor: Skin              ||    16
Dodge: Dodged            ||    26
